 Dungeon Crawl Stone Soup version 0.23.1 (webtiles) character file.

Game seed: 0

75691 vladvlad the Convoker (level 15, -2/110 HPs)
             Began as a White Draconian Summoner on Mar 1, 2019.
             Was the Champion of Vehumet.
             Killed from afar by a deep elf annihilator (53 damage)
             ... with a crystal spear
             ... on level 3 of the Elven Halls on Mar 5, 2019.
             The game lasted 17:02:43 (39324 turns).

vladvlad the Convoker (White Draconian Summoner)   Turns: 39324, Time: 17:03:01

Health: -2/110     AC: 19    Str: 14    XL:     15   Next: 10%
Magic:  3/34       EV: 12    Int: 21    God:    Vehumet [******]
Gold:   2227       SH:  2    Dex: 12    Spells: 12/45 levels left

rFire    + . .     SeeInvis .   y - +8 lance "Wyrmbane" {slay drac, rPois rF+ rC+ AC+3}
rCold    + + .     Gourm    .   (no shield)
rNeg     . . .     Faith    .   (armour unavailable)
rPois    +         Spirit   .   K - +2 hat
rElec    +         Reflect  +   p - +0 cloak
rCorr    .         Harm     .   i - +1 pair of gloves {Str+3}
MR       ++...                  v - +1 pair of boots
Stlth    ++........             L - amulet "Xuekh" {Reflect rElec SH+2}
HPRegen  0.28/turn              x - ring of protection from magic
MPRegen  0.24/turn              z - ring of wizardry

@: no status effects
A: breathe frost, unfitting armour, cold resistance 1, cold-blooded, AC +9
a: Breathe Frost, Renounce Religion


You were on level 3 of the Elven Halls.
You worshipped Vehumet.
Vehumet was exalted by your worship.
You were not hungry.

You visited 5 branches of the dungeon, and saw 25 of its levels.

You collected 3920 gold pieces.
You spent 1693 gold pieces at shops.

Inventory:

Hand Weapons
 y - the +8 lance "Wyrmbane" (weapon) {slay drac, rPois rF+ rC+ AC+3}
   (You found it on level 1 of the Elven Halls)

   It affects your AC (+3).
   It protects you from fire.
   It protects you from cold.
   It protects you from poison.
 M - the +6 whip of Rahufoux {chaos, rElec rPois Int+4 Stlth+}
   (You took it off a big kobold on level 5 of the Dungeon)

   Each time it hits an enemy it has a different, random effect.
   It affects your intelligence (+4).
   It insulates you from electricity.
   It protects you from poison.
   It makes you more stealthy.
Armour
 i - a +1 pair of gloves of strength (worn)
 l - a +0 buckler
 p - a +0 cloak (worn)
 v - a +1 pair of boots (worn)
 K - a +2 hat (worn)
Magical Staves
 k - an uncursed staff of energy
 G - an uncursed staff of fire
 U - an uncursed staff of power
Jewellery
 u - an uncursed ring of see invisible
 x - a ring of protection from magic (left hand)
 z - a ring of wizardry (right hand)
 E - an uncursed ring of resist corrosion
 L - the amulet "Xuekh" (around neck) {Reflect rElec SH+2}
   (You found it on level 12 of the Dungeon)

   [amulet of reflection]

   It shields you and reflects attacks.
   It insulates you from electricity.
   It affects your SH (+2).
Wands
 q - a wand of paralysis (7)
 A - a wand of iceblast (11)
 R - a wand of digging (5)
Scrolls
 g - 6 scrolls of magic mapping
 m - 6 scrolls of remove curse
 n - 17 scrolls of teleportation
 r - a scroll of fog
 s - 4 scrolls of amnesia
 t - 2 scrolls of vulnerability
 D - 2 scrolls of identify
 H - a scroll of blinking
 I - 2 scrolls of fear
 J - a scroll of summoning
 O - a scroll of immolation
 V - a scroll of silence
 X - 2 scrolls of holy word
Potions
 a - 6 potions of flight
 d - 2 potions of magic
 e - 6 potions of curing
 f - a potion of invisibility
 h - 3 potions of agility
 j - a potion of resistance
 w - 2 potions of heal wounds
 C - 4 potions of might
 F - 2 potions of cancellation
 S - 2 potions of haste
Miscellaneous
 c - a lamp of fire
 o - a phial of floods
 B - a lightning rod (4/4)
 N - 2 boxes of beasts
 P - a phantom mirror
Comestibles
 b - 36 rations
 Q - 3 chunks of flesh


   Skills:
 - Level 4.2 Fighting
 + Level 4.0 Polearms
 - Level 1.7 Dodging
 - Level 1.7 Stealth
 - Level 4.0 Shields
 * Level 15.8 Spellcasting
 - Level 8.0 Conjurations
 * Level 16.8 Summonings
 - Level 2.3 Evocations


You had 12 spell levels left.
You knew the following spells:

 Your Spells              Type           Power        Failure   Level  Hunger
a - Throw Icicle          Conj/Ice       ####....     1%          4    None
b - Call Imp              Summ           ######..     0%          2    None
c - Call Canine Familiar  Summ           ######..     0%          3    None
d - Summon Guardian Gole  Hex/Summ       ######..     1%          3    None
e - Summon Ice Beast      Ice/Summ       ######..     1%          4    None
f - Summon Lightning Spi  Summ/Air       ######..     1%          4    None
g - Animate Skeleton      Necr           N/A          1%          1    None
h - Mephitic Cloud        Conj/Pois/Air  ####....     1%          3    None
i - Monstrous Menagerie   Summ           ######....   1%          7    ######.
j - Magic Dart            Conj           ####         1%          1    None
k - Apportation           Tloc           ###...       1%          1    None

Your spell library contained the following spells:

 Spells                   Type           Power        Failure   Level  Hunger
 Poison Arrow             Conj/Pois      ####......   12%         6    #####..
 Summon Small Mammal      Summ           ####         0%          1    None
 Confusing Touch          Hex            ###...       1%          1    None
 Flame Tongue             Conj/Fire      ####.        1%          1    None
 Freeze                   Ice            ###.         1%          1    None
 Infusion                 Chrm           ###.         1%          1    None
 Throw Frost              Conj/Ice       ####..       1%          2    None
 Conjure Flame            Conj/Fire      ####....     1%          3    None
 Recall                   Summ/Tloc      N/A          1%          3    None
 Summon Greater Demon     Summ           ######....   1%          7    ######.
 Blink                    Tloc           N/A          2%          2    None
 Shroud of Golubria       Chrm/Tloc      ###.......   2%          2    None
 Slow                     Hex            ###.....     2%          2    None
 Song of Slaying          Chrm           ###.....     2%          2    None
 Confuse                  Hex            ###.....     4%          3    None
 Gell's Gravitas          Tloc           ###.......   4%          3    None
 Ozocubu's Armour         Chrm/Ice       ###.....     4%          3    None
 Regeneration             Chrm/Necr      ###.......   4%          3    None
 Spectral Weapon          Hex/Chrm       ###.....     4%          3    None
 Summon Horrible Things   Summ           ######....   10%         8    #######
 Yara's Violent Unravell  Hex/Tmut       ###.......   11%         5    ###....
 Bolt of Fire             Conj/Fire      ####......   12%         6    #####..
 Animate Dead             Necr           N/A          14%         4    None
 Cause Fear               Hex            ###.......   14%         4    None
 Petrify                  Tmut/Erth      ###.....     14%         4    None
 Malign Gateway           Summ/Tloc      ######....   34%         7    ######.
 Borgnjor's Vile Clutch   Necr/Erth      ###.......   36%         5    ###....
 Metabolic Englaciation   Hex/Ice        ###.......   36%         5    ###....
 Dragon's Call            Summ           ######....   78%         9    #######
 Death Channel            Necr           ###.......   89%         6    #####..
 Simulacrum               Ice/Necr       ###.......   89%         6    #####..
 Dragon Form              Tmut           ###.......   100%        7    ######.


Dungeon Overview and Level Annotations

Branches:
Dungeon (13/15)            Temple (1/1) D:5            Lair (6/6) D:11
  Swamp (0/4) Lair:3        Snake (0/4) Lair:3        Slime (0/5) Lair:6
    Orc (2/2) D:10            Elf (3/3) Orc:2
 Vaults: D:13-14

Altars:
Ashenzari
Cheibriados
Dithmenos
Elyvilon
Fedhas
Gozag
Hepliaklqana
Kikubaaqudgha
Makhleb
Nemelex Xobeh
Okawaru
Qazlal
Ru
Sif Muna
Trog
Uskayaw
Vehumet
Wu Jian
Xom
Yredelemnul
Zin
The Shining One

Shops:
D:7 *   D:13 (   Orc:2 ?(!:!   Elf:1 ?

Portals:
Pandemonium: Orc:2

Annotations:
D:10 exclusion: orange crystal statue
D:12 exclusion: ice statue
D:13 Rupert
Elf:3 3 runed translucent doors, Torikoriko's ghost, veteran DDBe


Innate Abilities, Weirdness & Mutations

You can breathe waves of freezing cold.
You can buffet flying creatures when you breathe cold.
Your icy white scales are hard. (AC +9)
You cannot fit into any form of body armour.
Your flesh is cold resistant. (rC+)
You are cold-blooded and may be slowed by cold attacks.


Message History

The earth elemental hits you!!
You hit the earth elemental.
The earth elemental is almost destroyed.
The deep elf annihilator mumbles some strange words.
The deep elf annihilator blinks!
Your harpy claws the earth elemental!
The earth elemental is destroyed!
Your lindwurm breathes flames at the deep elf annihilator.
The blast of flame hits the deep elf annihilator!!
The earth elemental hits you.
Your harpy completely misses the earth elemental.
Your harpy claws the earth elemental. x3
The deep elf annihilator casts a spell.
The deep elf annihilator blinks!
You catch the helpless deep elf annihilator completely off-guard!
You puncture the deep elf annihilator!
The deep elf annihilator is almost dead.
The earth elemental disappears in a puff of smoke!
The deep elf annihilator points at you and mumbles some strange words.
The crystal spear hits you!!!
You die...

#....P.P....######.......#####
+...........'...Z'...........#
#....P.P....##########.).#####
#...........# #...#
##.........## #...#
#+.......##### #...#
##..........# #####
##########e## #@E# #.H# #k.#
##Z### #.Z..# ##)e.# ##e##
#Ee.# #E#e#


You could see 2 deep elf annihilators, a deep elf elementalist, a deep elf
demonologist, an earth elemental, a friendly lindwurm, a friendly harpy, a
friendly deep elf knight skeleton and a friendly deep elf death mage skeleton.

Vanquished Creatures
  A catoblepas (Lair:4)
  3 dancing weapons
  A death yak (Lair:4)
  Sonja (D:11)
  A deep elf knight (Elf:2)
  7 deep elf magi
  An orc sorcerer (Orc:2)
  A centaur zombie (D:13)
  The ghost of Vojta the Skirmisher, a novice DsCK of Xom (D:5)
  3 blink frogs
  A water elemental (Elf:3)
  A wraith (Orc:1)
  A yak (Lair:2)
  A water moccasin (Lair:2)
  2 sky beasts
  A phantom (D:6)
  An orc warrior (D:10)
  A crocodile (Lair:3)
  A big kobold (D:5)
  A killer bee (Lair:4)
  3 crimson imps
  4 orc priests
  2 orc wizards
  Jessica (D:3)
  A worker ant (D:9)
  A hell rat (Lair:4)
  An adder (D:10)
  An ooze (D:4)
  An adder skeleton (D:8)
  5 dart slugs
  A leopard gecko (D:6)
  12 orcs
  5 giant cockroaches
  A goblin (D:2)
  A kobold (D:5)
  A quokka (D:8)
  2 bats
  4 rats
  3 plants (D:11)
81 creatures vanquished.

Vanquished Creatures (collateral kills)
  A deep elf blademaster (Elf:2)
  Azrael (Orc:2)
  A deep elf demonologist (Elf:1)
  Nessos (D:12)
  Snorg (D:13)
  3 deep elf death magi
  Josephine (Orc:1)
  Erolcha (Orc:1)
  6 hydras
  Harold (D:9)
  An ice dragon (Lair:6)
  2 catoblepae
  24 dancing weapons
  4 two-headed ogres
  5 orc high priests (Orc:2)
  3 death yaks (Lair:5)
  8 deep elf knights
  A sun demon (Orc:2)
  An infernal demonspawn (Orc:2)
  A gelid demonspawn (Orc:2)
  2 lindwurms
  Pikel (D:7)
  A torturous demonspawn (Orc:2)
  3 oklob plants
  12 deep elf archers
  4 orc knights (Orc:2)
  8 orc sorcerers (Orc:2)
  2 ugly things
  2 manticores (Lair:6)
  32 deep elf magi
  8 black mambas
  4 cyclopes
  2 centaur zombies
  5 elephants
  6 torpor snails (Lair:6)
  9 spiny frogs
  5 rime drakes
  3 kobold demonologists
  4 komodo dragons
  A freezing wraith (D:12)
  An ice devil (Orc:2)
  A red devil (Orc:2)
  2 hellwings (Orc:2)
  13 polar bears
  3 meliai (Lair:4)
  A queen bee (Lair:4)
  8 hornets (Lair:6)
  3 trolls
  4 tyrant leeches (Lair:6)
  2 raiju (Lair:6)
  4 slime creatures (Lair:6)
  14 blink frogs
  A dream sheep (Lair:2)
  7 hippogriffs
  3 air elementals (Elf:1)
  A spriggan (D:7)
  4 wraiths
  2 wyverns
  4 fire elementals
  54 yaks
  2 water elementals
  3 basilisks
  A hungry ghost (D:10)
  10 vampire mosquitoes
  A chaos spawn (Orc:2)
  Menkaure (D:7)
  10 wargs
  3 nagas (Lair:3)
  A soldier ant (D:12)
  14 water moccasins
  15 hell hounds
  4 porcupines
  An eye of draining (D:13)
  11 ice beasts
  12 black bears
  Duvessa (D:6)
  3 slaves
  34 orc warriors
  A necrophage (D:8)
  A sky beast (D:6)
  2 phantoms
  20 wolves
  12 ogres
  A hornet zombie (D:12)
  6 centaurs
  13 crocodiles
  4 big kobolds
  13 bullfrogs
  2 earth elementals (Elf:1)
  Dowan (D:6)
  A scorpion (D:6)
  31 killer bees (Lair:4)
  4 wights (D:7)
  7 crimson imps
  A bullfrog zombie (D:12)
  6 hounds
  23 orc priests
  3 jellies
  Crazy Yiuf (D:4)
  6 centaur skeletons
  4 bullfrog skeletons
  14 orc wizards
  Ijyb (D:3)
  8 iguanas
  7 worker ants
  A hound skeleton (D:8)
  2 worker ant zombies
  A howler monkey skeleton (D:4)
  3 gnolls (D:8)
  10 adders
  A river rat (Lair:4)
  A shadow imp (D:8)
  2 white imps (D:12)
  An adder skeleton (D:5)
  An adder zombie (D:6)
  3 worms
  2 dart slugs
  3 leopard geckos
  75 orcs
  2 giant cockroaches
  7 goblins
  A hobgoblin (D:2)
  8 jackals
  A quokka (D:8)
  2 ball pythons (D:2)
  5 bats
  7 frilled lizards
  15 kobolds
  A leopard gecko skeleton (D:8)
  A leopard gecko zombie (D:8)
  4 rats
  5 fungi
  5 plants
803 creatures vanquished.

Vanquished Creatures (others)
  A deep elf mage (Elf:1)
  A polar bear (Lair:3)
  A hell hound (Lair:6)
  An ogre (D:5)
  4 fungi
  27 plants
35 creatures vanquished.

Grand Total: 919 creatures vanquished

Notes
Turn   | Place    | Note
-------+----------+-------------------------------------------
     0 | D:1      | vladvlad the Draconian Summoner began the quest for the
                  | Orb.
     0 | D:1      | Reached XP level 1. HP: 14/14 MP: 3/3
   277 | D:1      | Reached XP level 2. HP: 15/20 MP: 1/5
  1283 | D:2      | Learned a level 2 spell: Call Imp
  1491 | D:2      | Reached XP level 3. HP: 26/26 MP: 1/7
  1496 | D:2      | Learned a level 3 spell: Call Canine Familiar
  2020 | D:3      | Noticed Jessica
  2024 | D:3      | Killed Jessica
  2024 | D:3      | Reached XP level 4. HP: 33/33 MP: 4/8
  2150 | D:3      | Found a shadowy altar of Dithmenos.
  2217 | D:3      | Reached skill level 5 in Summonings
  2690 | D:3      | Noticed a bullfrog
  2696 | D:3      | Reached XP level 5. HP: 38/38 MP: 7/10
  2701 | D:3      | Learned a level 3 spell: Summon Guardian Golem
  2782 | D:3      | Found a bloodstained altar of Trog.
  2860 | D:3      | Noticed Ijyb
  2871 | D:3      | Killed Ijyb
  3293 | D:4      | Found a bloodstained altar of Trog.
  3501 | D:4      | Found an ancient bone altar of Kikubaaqudgha.
  3804 | D:4      | Found a runed translucent door.
  3805 | D:4      | Noticed Crazy Yiuf
  3892 | D:5      | Entered Level 5 of the Dungeon
  3898 | D:5      | Noticed an ogre
  3909 | D:5      | Killed an ogre
  3909 | D:5      | Reached XP level 6. HP: 45/45 MP: 5/12
  4013 | D:5      | Found a snail-covered altar of Cheibriados.
  4056 | D:5      | Reached skill level 6 in Summonings
  4120 | D:5      | Found a runed translucent gate.
  4121 | D:5      | Found a runed translucent gate.
  4122 | D:5      | Found a runed translucent gate.
  4124 | D:5      | Noticed Vojta's ghost (novice DsCK)
  4130 | D:5      | Identified the +6 whip of Rahufoux {chaos, rElec rPois
                  | Int+4 Stlth+}
  4144 | D:5      | Found a staircase to the Ecumenical Temple.
  4199 | Temple   | Entered the Ecumenical Temple
  4596 | D:5      | Reached skill level 5 in Spellcasting
  4783 | D:6      | Your scales start taking on an icy white colour.
  4783 | D:6      | Reached XP level 7. HP: 50/50 MP: 9/14
  4783 | D:6      | Gained mutation: Your flesh is cold resistant. (rC+) [White
                  | Draconian growth]
  5697 | D:7      | Found Mexeh's Merry Market.
  5772 | D:7      | Noticed Duvessa
  5772 | D:7      | Noticed Dowan
  5774 | D:7      | Noticed Pikel
  5991 | D:6      | Reached skill level 7 in Summonings
  6407 | D:6      | Killed Duvessa
  6420 | D:6      | Killed Dowan
  6760 | D:7      | Killed Pikel
  6760 | D:7      | Reached XP level 8. HP: 57/57 MP: 10/17
  6989 | D:7      | Reached skill level 8 in Summonings
  7181 | D:7      | Found a hide-covered altar of Uskayaw.
  7181 | D:7      | Found a shimmering altar of Xom.
  7181 | D:7      | Found a shattered altar of Ashenzari.
  7256 | D:7      | Noticed Menkaure
  7291 | D:7      | Killed Menkaure
  8111 | D:7      | Learned a level 4 spell: Summon Ice Beast
  8116 | D:7      | Learned a level 4 spell: Summon Lightning Spire
  8243 | D:8      | Noticed a two-headed ogre
  8480 | D:8      | Killed a two-headed ogre
  8480 | D:8      | Reached skill level 9 in Summonings
  8480 | D:8      | Reached XP level 9. HP: 43/62 MP: 10/20
  9486 | D:9      | Noticed Harold
  9496 | D:9      | Killed Harold
  9496 | D:9      | Reached skill level 10 in Summonings
  9598 | D:9      | Found a hazy altar of Hepliaklqana.
  9840 | D:9      | Learned a level 1 spell: Animate Skeleton
 10068 | D:9      | Found a radiant altar of Vehumet.
 10071 | D:9      | Became a worshipper of Vehumet
 10131 | D:9      | Found a flagged portal.
 10369 | D:10     | Entered Level 10 of the Dungeon
 10406 | D:10     | Noticed a two-headed ogre
 10407 | D:10     | Reached skill level 1 in Evocations
 10565 | D:4      | Killed Crazy Yiuf
 10704 | D:5      | Reached skill level 1 in Fighting
 10714 | D:5      | Killed Vojta's ghost
 10714 | D:5      | Reached skill level 1 in Polearms
 10929 | D:7      | Bought a book of Misfortune for 260 gold pieces
 10929 | D:7      | Bought a book of Minor Magic for 260 gold pieces
 10933 | D:7      | Learned a level 3 spell: Mephitic Cloud
 10937 | D:7      | Learned a level 3 spell: Conjure Flame
 10939 | D:7      | Learned a level 1 spell: Magic Dart
 11029 | D:9      | Killed a two-headed ogre
 11029 | D:9      | Reached XP level 10. HP: 50/73 MP: 7/23
 11598 | D:10     | Noticed an orange crystal statue
 11829 | D:10     | Reached * piety under Vehumet
 11829 | D:10     | Offered knowledge of Sandblast by Vehumet.
 11886 | D:10     | Reached skill level 1 in Conjurations
 12105 | D:10     | Found a staircase to the Orcish Mines.
 12107 | D:10     | Got a shimmering war axe
 12798 | D:11     | Noticed Sonja
 12814 | D:11     | Killed Sonja
 12831 | D:11     | Reached skill level 10 in Spellcasting
 13053 | D:11     | Noticed a cyclops
 13063 | D:11     | Killed a cyclops
 13151 | D:11     | Offered knowledge of Throw Flame by Vehumet.
 13160 | D:11     | Reached ** piety under Vehumet
 13372 | D:11     | Noticed a cyclops
 13388 | D:11     | Killed a cyclops
 13446 | D:11     | Noticed a brown ugly thing
 13455 | D:11     | Killed a brown ugly thing
 13568 | D:11     | Found a staircase to the Lair.
 13575 | D:11     | Noticed an oklob plant
 13621 | D:11     | Killed an oklob plant
 13700 | D:11     | Reached XP level 11. HP: 84/84 MP: 16/25
 14208 | D:10     | Learned a level 1 spell: Apportation
 14420 | Lair:1   | Entered Level 1 of the Lair of Beasts
 14880 | Lair:1   | Identified the +0 war axe of Quick Death {pain, Int+4} (You
                  | found it on level 10 of the Dungeon)
 15242 | Lair:2   | Reached skill level 11 in Summonings
 15272 | Lair:2   | Offered knowledge of Static Discharge by Vehumet.
 15272 | Lair:2   | Reached skill level 5 in Conjurations
 15595 | Lair:2   | Reached *** piety under Vehumet
 15748 | Lair:2   | Learned a level 4 spell: Throw Icicle
 15983 | Lair:2   | Noticed a catoblepas
 16014 | Lair:2   | HP: 2/84 [catoblepas (3)]
 16476 | Orc:1    | Entered Level 1 of the Orcish Mines
 16476 | Orc:1    | Noticed Josephine
 16485 | Orc:1    | Killed Josephine
 16657 | D:12     | Noticed a brown ugly thing
 16665 | D:12     | Killed a brown ugly thing
 17036 | D:12     | Offered knowledge of Ignite Poison by Vehumet.
 17130 | D:12     | Noticed a two-headed ogre
 17135 | D:12     | Killed a two-headed ogre
 17210 | D:12     | Found a shimmering altar of Xom.
 17550 | D:12     | Noticed Nessos
 17571 | D:12     | Killed Nessos
 17589 | D:12     | Reached skill level 12 in Summonings
 17702 | D:12     | Learned a level 7 spell: Monstrous Menagerie
 17902 | D:12     | Reached **** piety under Vehumet
 17906 | D:12     | Offered knowledge of Stone Arrow by Vehumet.
 17933 | D:12     | Noticed a two-headed ogre
 17939 | D:12     | Killed a two-headed ogre
 18154 | D:12     | Got a bound garnet amulet
 18251 | D:12     | Identified the amulet "Xuekh" {Reflect rElec SH+2} (You
                  | found it on level 12 of the Dungeon)
 18567 | D:13     | Reached XP level 12. HP: 91/91 MP: 11/27
 18763 | D:13     | Found Cinlod's Antique Weapon Shop.
 18910 | D:13     | Noticed Snorg
 18912 | D:13     | Noticed Rupert
 18920 | D:13     | Killed Snorg
 19192 | Orc:1    | Reached ***** piety under Vehumet
 19413 | Orc:1    | Offered knowledge of Iskenderun's Mystic Blast by Vehumet.
 19454 | Orc:1    | Noticed Erolcha
 19463 | Orc:1    | Killed Erolcha
 19710 | Orc:2    | Entered Level 2 of the Orcish Mines
 20329 | Orc:2    | Found a staircase to the Elven Halls.
 20466 | Orc:2    | Noticed Azrael
 20492 | Orc:2    | Killed Azrael
 20851 | Orc:2    | Found Mieckah's Magic Scroll Shop.
 20867 | Orc:2    | Bought a scroll of fear for 59 gold pieces
 20867 | Orc:2    | Bought a scroll of identify for 34 gold pieces
 20938 | Orc:2    | Noticed an orc high priest
 20945 | Orc:2    | Killed an orc high priest
 21223 | Orc:2    | Reached skill level 13 in Summonings
 21417 | Orc:2    | Found Syopt's Distillery.
 21433 | Orc:2    | Found Porug's Distillery.
 22130 | Orc:2    | Noticed an orc high priest
 22143 | Orc:2    | Killed an orc high priest
 22444 | Orc:2    | Noticed an orc high priest
 22457 | Orc:2    | Killed an orc high priest
 22683 | Orc:2    | Noticed an orc high priest
 22694 | Orc:2    | Killed an orc high priest
 22854 | Orc:2    | Noticed an orc high priest
 22857 | Orc:2    | Killed an orc high priest
 22887 | Orc:2    | Found Yrghov's Book Shoppe.
 22887 | Orc:2    | Found Zilenkik's Antique Weapon Emporium.
 22888 | Orc:2    | Found a one-way gate leading to the halls of Pandemonium.
 23478 | Orc:2    | Bought a book of the Dragon for 1080 gold pieces
 23636 | Lair:2   | Killed a catoblepas
 23764 | Lair:2   | Reached XP level 13. HP: 81/96 MP: 18/30
 24622 | Lair:3   | Found a staircase to the Snake Pit.
 24716 | Lair:3   | Reached skill level 14 in Summonings
 25294 | Lair:3   | Found a staircase to the Swamp.
 26082 | Lair:4   | Offered knowledge of Bolt of Cold by Vehumet.
 27014 | Lair:4   | Found a shattered altar of Ashenzari.
 28570 | Lair:5   | Reached ****** piety under Vehumet
 28572 | Lair:5   | Offered knowledge of Freezing Cloud by Vehumet.
 29277 | Lair:5   | Reached skill level 15 in Summonings
 29729 | Lair:6   | Entered Level 6 of the Lair of Beasts
 29851 | Lair:6   | Found a runed translucent door.
 31034 | Lair:6   | Reached XP level 14. HP: 104/104 MP: 27/32
 31630 | Lair:6   | Offered knowledge of Lightning Bolt by Vehumet.
 31991 | Lair:6   | Found a staircase to the Slime Pits.
 32813 | Elf:1    | Entered Level 1 of the Elven Halls
 33051 | Elf:1    | Found Viguis's Magic Scroll Boutique.
 34041 | Elf:1    | Reached skill level 15 in Spellcasting
 34162 | Elf:1    | Found the +8 lance "Wyrmbane" {slay drac, rPois rF+ rC+
                  | AC+3}
 35236 | Elf:1    | Reached skill level 16 in Summonings
 35395 | Elf:1    | Reached skill level 1 in Shields
 35605 | Elf:2    | Offered knowledge of Spellforged Servitor by Vehumet.
 35904 | Elf:2    | Found a runed translucent gate.
 35904 | Elf:2    | Found a runed translucent gate.
 35904 | Elf:2    | Found a runed translucent gate.
 38255 | Elf:2    | Noticed a deep elf blademaster
 38270 | Elf:2    | Killed a deep elf blademaster
 38270 | Elf:2    | Reached XP level 15. HP: 32/110 MP: 1/34
 38825 | Elf:3    | Entered Level 3 of the Elven Halls
 38825 | Elf:3    | Found a runed translucent gate.
 38831 | Elf:3    | Found a runed translucent gate.
 38831 | Elf:3    | Found a runed translucent gate.
 38831 | Elf:3    | Noticed a frost giant
 38831 | Elf:3    | Noticed an orc warlord
 38831 | Elf:3    | Noticed Torikoriko's ghost (veteran DDBe)
 38836 | Elf:3    | Noticed an orc warlord
 38838 | Elf:3    | Found an iron altar of Okawaru.
 39081 | Elf:3    | Offered knowledge of Poison Arrow by Vehumet.
 39306 | Elf:3    | Noticed a deep elf master archer
 39324 | Elf:3    | Killed from afar by a deep elf annihilator

Skill      XL: |  1  2  3  4  5  6  7  8  9 10 11 12 13 14 15 |
---------------+----------------------------------------------+-----
Spellcasting   | 3 4 5 6 7 9 10 11 13 14 15 | 15.8
Summonings     | 5 6 7 9 10 12 13 15 16 | 16.8
Evocations     | 1 2 |  2.3
Fighting       | 1 4 |  4.2
Polearms       | 1 3 4 |  4.0
Conjurations   | 4 6 8 |  8.0
Shields        | 3 4 |  4.0
Dodging        | |  1.7
Stealth        | |  1.7

Action                   |  1- 3 |  4- 6 |  7- 9 | 10-12 | 13-15 || total
-------------------------+-------+-------+-------+-------+-------++-------
Melee: Short sword       |    56 |    62 |    13 |       |       ||   131
       Unarmed           |     6 |       |       |       |       ||     6
       Tailslap          |     6 |     9 |     5 |    21 |    21 ||    62
       Spear             |       |       |   103 |    44 |       ||   147
       Whip              |       |       |       |   109 |    34 ||   143
       Staff             |       |       |       |     2 |     4 ||     6
       Lance             |       |       |       |       |   117 ||   117
 Cast: Summon Small Mamm |    19 |       |     1 |       |       ||    20
       Call Imp          |    14 |    26 |    64 |    42 |     3 ||   149
       Call Canine Famil |       |    24 |    53 |    56 |       ||   133
       Summon Guardian G |       |     3 |    16 |     7 |       ||    26
       Summon Ice Beast  |       |       |    23 |    61 |       ||    84
       Animate Skeleton  |       |       |     5 |    98 |   105 ||   208
       Summon Lightning  |       |       |     2 |    33 |     1 ||    36
       Mephitic Cloud    |       |       |     2 |    21 |    44 ||    67
       Apportation       |       |       |       |    25 |       ||    25
       Throw Icicle      |       |       |       |    15 |       ||    15
       Monstrous Menager |       |       |       |   104 |   306 ||   410
       Magic Dart        |       |       |       |     3 |       ||     3
 Abil: Breathe Frost     |       |       |    27 |    18 |     1 ||    46
Evoke: Phial of floods   |       |       |       |     1 |       ||     1
       Box of beasts     |       |       |       |       |     1 ||     1
  Use: Scroll            |     1 |     7 |     7 |    11 |     7 ||    33
       Potion            |       |       |     1 |     5 |     3 ||     9
 Stab: Sleeping          |     1 |       |     1 |       |     1 ||     3
       Distracted        |     1 |       |     4 |     1 |     4 ||    10
       Confused          |       |       |       |       |     2 ||     2
  Eat: Chunk             |     4 |     8 |    17 |    33 |    23 ||    85
       Ration            |       |     1 |     4 |     6 |    11 ||    22
Armor: Skin              |    26 |    36 |    25 |    46 |    85 ||   218
Dodge: Dodged            |    36 |    34 |    42 |    77 |    81 ||   270
Block: Other             |       |       |       |     2 |     7 ||     9
       Reflection        |       |       |       |       |     1 ||     1
